 Dungeon Crawl Stone Soup version 0.31.0-11-ge490571c62 (webtiles) character file.

Game seed: 10775546904251374261

25 qw the Shooter (level 2, -10/16 HPs)
             Began as a Deep Elf Hunter on Feb 3, 2024.
             Shot with an arrow by a hobgoblin (11 damage)
             ... on level 1 of the Dungeon.
             The game lasted 00:00:01 (533 turns).

qw the Shooter (Deep Elf Hunter)                     Turns: 533, Time: 00:00:02

Health: -10/16     AC:  3    Str:  8    XL:     2   Next: 82%
Magic:  4/4        EV: 12    Int: 13    God:
Gold:   14         SH:  0    Dex: 18    Spells: 1/1 levels left

rFire   . . .        a - +0 shortbow
rCold   . . .        (shield currently unavailable)
rNeg    . . .        c - +0 leather armour
rPois   .            (no helmet)
rElec   .            (no cloak)
rCorr   .            (no gloves)
SInv    .            (no boots)
Will    .....        (no amulet)
Stlth   ++           (no ring)
HPRegen 0.22/turn    (no ring)
MPRegen 0.09/turn

%: no passive effects
@: no status effects
A: no striking features
a: no special abilities


You were on level 1 of the Dungeon.
You visited 1 branch of the dungeon, and saw 1 of its levels.

You collected 14 gold pieces.


   Skills:
 - Level 1.5 Fighting
 + Level 6.5 Ranged Weapons
 - Level 2.4 Dodging
 - Level 1.2 Stealth


You had one spell level left.
You didn't know any spells.
Your spell library was empty.

Inventory:

Hand Weapons
 a - a +0 shortbow (weapon)
Armour
 c - a +0 leather armour (worn)
 e - a +0 ring mail
Scrolls
 b - a scroll of butterflies
 d - a scroll of fog {unknown}
 g - a scroll of identify {unknown}
Potions
 f - a potion of degeneration {unknown}

Dungeon Overview and Level Annotations

Branches:
Dungeon (1/15)

Altars:


Message History

The frilled lizard bites you but does no damage.
You shoot an arrow. The arrow hits the hobgoblin.
You kill the hobgoblin!
The frilled lizard barely misses you.
You shoot an arrow. The arrow hits the endoplasm.
The endoplasm is moderately wounded.
The endoplasm barely misses you.
The frilled lizard bites you but does no damage.
You shoot an arrow. The arrow hits the endoplasm.
The endoplasm is almost dead.
The frilled lizard bites you. The endoplasm freezes you.
You are frozen.
You shoot an arrow. The arrow hits the endoplasm.
You kill the endoplasm!
The frilled lizard bites you.
You shoot an arrow. The arrow hits the frilled lizard.
You kill the frilled lizard!
You start resting.
A hobgoblin comes into view. It is wielding a +0 orcbow.
You shoot an arrow. The hobgoblin shouts!
The arrow hits the hobgoblin but does no damage.
You hear an angry hiss.
You shoot an arrow. The arrow barely misses the hobgoblin.
You shoot an arrow. The arrow hits the hobgoblin.
The hobgoblin is moderately wounded.
A ball python comes into view.
The hobgoblin shoots an arrow.
The arrow closely misses you.
You shoot an arrow. The arrow hits the ball python!
You kill the ball python!
The hobgoblin shoots an arrow.
The arrow hits you.
You shoot an arrow.
The arrow hits the hobgoblin but does no damage.
The hobgoblin is moderately wounded.
The hobgoblin shoots an arrow.
The arrow hits you.
You shoot an arrow. The arrow closely misses the hobgoblin.
The hobgoblin shoots an arrow.
The arrow hits you!
Ouch! That really hurt!
You die...

#.......#####.......
#.##.##.#.....%.###.
#.#..##.#.......###.
#.#.###.#........##.
#.......#........##.
###.#####........##.
#.# #####....... #.#
####.... #@# #####
#%%...g.. #
.)#####). # ...%
#..## #.. #.. # #..
# #


You could see a hobgoblin.

Vanquished Creatures
  A dart slug (D:1)
  2 endoplasms (D:1)
  A giant cockroach (D:1)
  3 goblins (D:1)
  3 hobgoblins (D:1)
  A kobold (D:1)
  4 ball pythons (D:1)
  A bat (D:1)
  2 frilled lizards (D:1)
  4 rats (D:1)
22 creatures vanquished.

Notes
Turn   | Place    | Note
-------+----------+-------------------------------------------
     0 | D:1      | qw the Deep Elf Hunter began the quest for the Orb.
     0 | D:1      | Reached XP level 1. HP: 12/12 MP: 3/3
     0 | D:1      | 0 ||| qw: Version: 0.3-a-158-g18b3111
     0 | D:1      | 0 ||| qw: Game counter: 4225
     0 | D:1      | 0 ||| qw: Melee chars always use a shield: true
     0 | D:1      | 0 ||| qw: God list: Okawaru
     0 | D:1      | 0 ||| qw: Allow faded altars: false
     0 | D:1      | 0 ||| qw: Do Orc after clearing Dungeon:15 true
     0 | D:1      | 0 ||| qw: Do second Lair branch before Depths: true
     0 | D:1      | 0 ||| qw: Lair rune preference: random
     0 | D:1      | 0 ||| qw: Goals: Normal
     0 | D:1      | 0 ||| PLANNING D:1-11
   296 | D:1      | Reached XP level 2. HP: 16/16 MP: 4/4
   298 | D:1      | Reached skill level 6 in Ranged Weapons
   532 | D:1      | HP: 1/16 [hobgoblin/arrow (5)]
   533 | D:1      | Shot with an arrow by a hobgoblin

Levels and vault maps discovered:
D:1:      dpeg_arrival_connections, layout_loops_cross, minmay_nonomino_d4

Skill      XL: |  1  2 |
---------------+-------+-----
Ranged Weapons | 6 |  6.5
Fighting       | |  1.5
Dodging        | |  2.4
Stealth        | |  1.2

Action                     || total
---------------------------++-------
   Fire: Shortbow          ||    57
 Armour: Leather armour    ||    11
  Dodge: Dodged            ||    12

Table legend:
 A = Non-vault XP
 B = Vault XP
 C = Vault XP percentage of total XP
 D = Non-vault monster count
 E = Vault monster count
 F = Vault count percentage of total count
                 A         B        C        D         E       F
            +---------+---------+-------+---------+---------+-------
      Total |      26 |      10 |  27.8 |      16 |       6 |  27.3
            +---------+---------+-------+---------+---------+-------
        D:1 |      26 |      10 |  27.8 |      16 |       6 |  27.3
            +---------+---------+-------+---------+---------+-------
